 Dungeon Crawl Stone Soup version 0.25-a0-719-gde951dce62 (webtiles) character file.

Game seed: 9309226224190461854, levelgen mode: deterministic

1216 kae the Ruffian (level 8, 0/59 HPs)
             Began as a Grey Draconian Transmuter on Apr 6, 2020.
             Shot with an arrow by a centaur (9 damage)
             ... on level 6 of the Dungeon.
             The game lasted 00:03:51 (4883 turns).

kae the Ruffian (Grey Draconian Transmuter)         Turns: 4883, Time: 00:03:52

Health: 0/59       AC: -1    Str: 14    XL:     8   Next: 22%
Magic:  15/15      EV: 12    Int: 17    God:
Gold:   407        SH:  0    Dex: 13    Spells: 10/16 levels left

rFire    . . .     SeeInvis .     - Unarmed
rCold    . . .     Gourm    .   (no shield)
rNeg     . . .     Faith    .   (armour unavailable)
rPois    +         Spirit   .   (helmet restricted)
rElec    .         Reflect  .   (no cloak)
rCorr    .         Harm     .   (no gloves)
MR       .....                  (no boots)
Stlth    +.........             (no amulet)
HPRegen  0.19/turn              b - ring of poison resistance
MPRegen  0.14/turn              o - +4 ring of intelligence

@: corroded
A: walk through water, unfitting armour, unbreathing, cold-blooded, AC +11
a: no special abilities


You were on level 6 of the Dungeon.
You were near starving.

You visited 1 branch of the dungeon, and saw 6 of its levels.

You collected 407 gold pieces.

Inventory:

Missiles
 a - 14 arrows
Jewellery
 b - a ring of poison resistance (left hand)
 o - a +4 ring of intelligence (right hand)
Scrolls
 f - 3 scrolls of remove curse
 i - 3 scrolls of magic mapping
 k - a scroll of teleportation
 p - a scroll of blinking
Potions
 d - a potion of magic
 e - a potion of might
 g - 2 potions of curing {unknown}
 h - a potion of degeneration {unknown}
 j - a potion of resistance {unknown}
 l - 2 potions of flight {unknown}
 m - a potion of heal wounds {unknown}
Comestibles
 c - 7 rations


   Skills:
 - Level 1.1 Fighting
 - Level 1.7 Dodging
 * Level 7.6 Unarmed Combat
 + Level 4.9 Spellcasting
 + Level 5.2 Transmutations


You had 10 spell levels left.
You knew the following spells:

 Your Spells              Type           Power        Failure   Level  Hunger
a - Beastly Appendage     Tmut           ###...       1%          1    None
b - Sticks to Snakes      Tmut           ###.....     2%          2    #......
c - Spider Form           Tmut/Pois      ##........   14%         3    ###....

Your spell library contained the following spells:

 Spells                   Type           Power        Failure   Level  Hunger
 Ice Form                 Ice/Tmut       ##......     43%         4    ####...
 Blade Hands              Tmut           ###.......   43%         5    ######.


Dungeon Overview and Level Annotations

Branches:
Dungeon (6/15)
 Temple: D:4-7

Altars:
Fedhas
Gozag
Okawaru
Qazlal
Vehumet
Wu Jian
Xom
Zin
The Shining One


Innate Abilities, Weirdness & Mutations

You can walk through water.
Your dull iron-grey scales are very hard. (AC +11)
You cannot fit into any form of body armour.
You can survive without breathing.
You are cold-blooded and may be slowed by cold attacks.


Message History

You start resting.
Your transformation has ended.
You start resting.
Magic restored.
You now have 407 gold pieces (gained 18).
You start resting.
You hear the slow rusting of a drain nearby.
A centaur comes into view.
The centaur shouts!
You hear a shout!
The centaur wields a +0 shortbow.
The centaur shoots an arrow.
The arrow barely misses you.
You see here an arrow.
The centaur shoots an arrow.
The arrow hits you!
You see here an arrow.
An orc comes into view.
It is wielding a +0 short sword of venom.
The centaur shoots an arrow.
The arrow hits you!
* * * LOW HITPOINT WARNING * * *
An adder skeleton comes into view.
The centaur shoots an arrow.
The arrow hits you!
You die...

≈≈≈≈≈.. ... ≈≈≈≈≈≈. ...
≈≈≈≈≈≈. #.# .. ≈≈≈≈≈≈.
#.# .. ≈≈≈≈≈≈. #.# ###.
##### ≈≈≈≈≈.. #.# ...
#..(
≈≈≈....##.####.###.#####
≈......@((...#.........#
.......##.##.#.#.#.#....
..c..+. #........#.#.#.#
.... ## #..#.#.......#..
... #..#.#####.##### o.
#..#.# #...... Z #..#.#
####### #..#.# #.#


You could see a centaur, an orc (wandering) and an adder skeleton (wandering).

Vanquished Creatures
  Grinder (D:3)
  Edmund (D:5)
  2 ogres
  2 howler monkeys
  A bullfrog zombie (D:3)
  2 crimson imps (D:5)
  A hound (D:5)
  3 jellies
  An orc priest (D:3)
  4 orc wizards
  A bullfrog skeleton (D:3)
  2 worker ants
  A hound zombie (D:5)
  A hound skeleton (D:4)
  5 adders
  A shadow imp (D:5)
  A dart slug (D:3)
  A leopard gecko (D:3)
  18 orcs
  12 bats
  4 giant cockroaches
  3 hobgoblins
  6 jackals
  7 kobolds
  A quokka (D:3)
  A ball python (D:5)
  3 frilled lizards
  3 goblins
  5 rats
94 creatures vanquished.

Vanquished Creatures (collateral kills)
  A phantom (D:5)
1 creature vanquished.

Vanquished Creatures (others)
  A leopard gecko (D:3)
  2 orcs (D:3)
  A goblin (D:1)
  3 toadstools (D:3)
7 creatures vanquished.

Grand Total: 102 creatures vanquished

Notes
Turn   | Place    | Note
-------+----------+-------------------------------------------
     0 | D:1      | kae the Draconian Transmuter began the quest for the Orb.
     0 | D:1      | Reached XP level 1. HP: 16/16 MP: 3/3
   214 | D:1      | Reached XP level 2. HP: 23/23 MP: 3/5
   597 | D:2      | Reached XP level 3. HP: 12/28 MP: 6/6
  1249 | D:2      | Found a stormy altar of Qazlal.
  1251 | D:2      | Noticed an earth elemental
  1252 | D:2      | Noticed an air elemental
  1252 | D:2      | Noticed a water elemental
  1252 | D:2      | Noticed a fire elemental
  1295 | D:2      | Found a faded altar of an unknown god.
  1376 | D:2      | Found a glowing golden altar of the Shining One.
  1574 | D:2      | Learned a level 2 spell: Sticks to Snakes
  1578 | D:2      | Learned a level 3 spell: Spider Form
  1656 | D:3      | Reached skill level 4 in Unarmed Combat
  1656 | D:3      | Reached XP level 4. HP: 21/35 MP: 3/7
  1809 | D:3      | Found a radiant altar of Vehumet.
  1846 | D:3      | Noticed Grinder
  1861 | D:3      | Paralysed by Grinder for 2 turns
  1869 | D:3      | Killed Grinder
  1869 | D:3      | Reached skill level 5 in Unarmed Combat
  1869 | D:3      | Reached XP level 5. HP: 16/40 MP: 3/10
  1869 | D:3      | Reached XP level 6. HP: 19/47 MP: 3/11
  2613 | D:3      | Found an iron altar of Okawaru.
  3051 | D:4      | Reached skill level 6 in Unarmed Combat
  3084 | D:4      | Your scales start taking on a dull iron-grey colour.
  3084 | D:4      | Reached XP level 7. HP: 47/52 MP: 8/12
  3084 | D:4      | Gained mutation: You can survive without breathing. [Grey
                  | Draconian growth]
  3225 | D:4      | Found a shimmering altar of Xom.
  3605 | D:4      | Found a blossoming altar of Fedhas.
  3642 | D:5      | Entered Level 5 of the Dungeon
  3873 | D:5      | Reached skill level 7 in Unarmed Combat
  3902 | D:5      | Reached XP level 8. HP: 37/59 MP: 12/14
  4044 | D:5      | Found an opulent altar of Gozag.
  4112 | D:5      | Found an ornate altar of the Wu Jian Council.
  4234 | D:5      | Noticed Edmund
  4341 | D:5      | Reached skill level 5 in Transmutations
  4723 | D:5      | Killed Edmund
  4739 | D:5      | Found a glowing silver altar of Zin.
  4883 | D:6      | Shot with an arrow by a centaur

Levels and vault maps discovered:
D:1:      minmay_arrival_cross, layout_rooms, columned_hall_lemuel,
          lemuel_flame_loot_1
D:2:      layout_loops_ring, lemuel_coloured_pillars_altar,
          chequers_ecumenical_altar_twisty, nicolae_qazlal_style_of_elements
D:3:      layout_loops_ring, fiery_altar_vehumet,
          nicolae_overflow_crystal_walls, minmay_gold_behind_fungi,
          minmay_misc_feat_rugged, uniq_grinder
D:4:      layout_loops_ring, kennysheep_mini_moat, fedhas_altar_4
D:5:      layout_basic, overflow_temple_1_default, lemuel_doored_altar,
          grunt_gozag_breadcrumbs, first_ration, uniq_edmund
D:6:      layout_basic, overflow_temple_1_default, temple_pool_b,
          gup_sewer_entry_pipe, minivault_24

Skill      XL: |  1  2  3  4  5  6  7  8 |
---------------+-------------------------+-----
Unarmed Combat | 4 5 6 7 |  7.6
Spellcasting   | 3 4 |  4.9
Transmutations | 3 4 5 |  5.2
Fighting       | |  1.1
Dodging        | |  1.7

Action                   |  1- 3 |  4- 6 |  7- 9 || total
-------------------------+-------+-------+-------++-------
Melee: Unarmed           |   107 |   124 |   107 ||   338
       Tailslap          |     9 |    12 |     3 ||    24
       Kick              |     8 |     8 |       ||    16
       Headbutt          |     1 |     2 |     5 ||     8
       Punch             |       |     1 |     1 ||     2
 Cast: Beastly Appendage |    17 |     7 |     4 ||    28
       Spider Form       |     1 |     4 |    12 ||    17
       Sticks to Snakes  |       |     2 |     5 ||     7
  Use: Scroll            |     3 |       |     5 ||     8
 Stab: Distracted        |       |       |     1 ||     1
  Eat: Chunk             |     2 |     7 |     5 ||    14
Armor: Skin              |    46 |    41 |    15 ||   102
Dodge: Dodged            |   102 |    82 |    60 ||   244

Table legend:
 A = Non-vault XP
 B = Vault XP
 C = Vault XP percentage of total XP
 D = Non-vault monster count
 E = Vault monster count
 F = Vault count percentage of total count
                 A         B        C        D         E       F
            +---------+---------+-------+---------+---------+-------
      Total |    1288 |     450 |  25.9 |      93 |       2 |   2.1
            +---------+---------+-------+---------+---------+-------
        D:1 |      26 |       0 |   0.0 |      16 |       0 |   0.0
        D:2 |      23 |       0 |   0.0 |       7 |       0 |   0.0
        D:3 |     295 |     281 |  48.8 |      37 |       1 |   2.6
        D:4 |     364 |       0 |   0.0 |      15 |       0 |   0.0
        D:5 |     538 |     169 |  23.9 |      17 |       1 |   5.6
        D:6 |      42 |       0 |   0.0 |       1 |       0 |   0.0
            +---------+---------+-------+---------+---------+-------
